AoeStats
← 玩印度的哥们硬不起来

Oasis

509561995Analyzed
2v2 RM · 5d ago on Sep 27, 2026· 49m 20s· 4 players
Game mode
Random Map
Map size
Medium (4 player)
Population
200
Speed
Normal
Resources
Standard
Victory
Conquest
Starting age
Dark Age
Ending age
Imperial Age
RankedLock teamsTeams togetherTeam positionsShared explorationLock speedFull tech treeHidden civsTurbo modeCheats
Victory
Defeat
🇻🇳 Ethiopians · Vietnam
1459
+14
1447
+14
🇦🇺 Lithuanians · Australia
1446
-16
🇬🇧 Britons · United Kingdom
1370
-12
玩印度的哥们硬不起来
11:12 Feudal Age
14:43 Castle Age
13:45 Double-Bit Axe
13:41 Horse Collar
15:37 Wheelbarrow
18:02 Loom
20:59 Fletching
22:07 Bow Saw
24:31 Heavy Plow
28:53 Bodkin Arrow
28:58 Padded Archer Armor
29:58 Gold Mining
30:01 Stone Mining
33:17 Imperial Age
31:10 Bloodlines
31:27 Ballistics
32:31 Gold Shaft Mining
31:51 Pikeman
32:44 Thumb Ring
33:39 Leather Archer Armor
34:26 Parthian Tactics
33:26 Heavy Cavalry Archer
35:10 Chemistry
34:45 Conscription
35:09 Bracer
35:40 Ring Archer Armor
35:26 Hand Cart
35:40 Kataparuto
37:28 Scale Mail Armor
38:50 Two-Man Saw
37:19 Halberdier
38:33 Chain Mail Armor
38:24 Squires
39:47 Plate Mail Armor
39:31 Forging
40:05 Caravan
40:30 Elite Skirmisher
42:10 Parthian Tactics
44:21 Guard Tower
44:11 Treadmill Crane
46:02 Iron Casting
45:38 Yasama
47:11 Keep
46:33 Murder Holes
48:17 Blast Furnace
47:52 Siege Engineers
48:30 Man-at-Arms
48:55 Gambesons
DEXXTER
6:18 Loom
9:20 Feudal Age
12:21 Fletching
13:27 Double-Bit Axe
15:44 Horse Collar
22:15 Castle Age
20:42 Padded Archer Armor
21:56 Gold Mining
22:21 Crossbowman
22:58 Bodkin Arrow
33:45 Imperial Age
32:23 Scale Mail Armor
32:41 Leather Archer Armor
33:22 Thumb Ring
35:25 Bracer
36:52 Conscription
36:53 Bow Saw
37:50 Wheelbarrow
38:21 Ballistics
39:02 Chemistry
38:42 Squires
39:07 Arbalester
41:35 Caravan
42:06 Chain Mail Armor
41:59 Halberdier
46:07 Hand Cart
Luca
7:05 Loom
10:02 Feudal Age
10:46 Double-Bit Axe
14:01 Town Watch
14:31 Gold Mining
15:56 Wheelbarrow
16:23 Fletching
20:25 Padded Archer Armor
24:42 Castle Age
24:50 Crossbowman
25:29 Bodkin Arrow
27:12 Ballistics
28:02 Leather Archer Armor
30:23 Horse Collar
31:45 Fortified Wall
33:45 Hand Cart
35:57 Bow Saw
39:31 Imperial Age
38:13 Masonry
38:30 Heavy Plow
39:44 Yeomen
40:32 Bracer
40:13 Arbalester
42:49 Chemistry
42:52 Elite Skirmisher
44:29 Ring Archer Armor
48:04 Two-Man Saw
Mattila_the_Hunt
7:49 Loom
10:03 Feudal Age
10:59 Loom
14:19 Castle Age
12:35 Double-Bit Axe
19:42 Town Watch
21:13 Horse Collar
22:17 Bow Saw
23:43 Wheelbarrow
23:33 Heavy Plow
25:08 Scale Barding Armor
26:01 Forging
26:47 Bloodlines
26:37 Husbandry
27:31 Hand Cart
28:23 Chain Barding Armor
28:38 Iron Casting
29:46 Iron Casting
32:45 Gold Mining
32:45 Stone Mining
37:39 Imperial Age
38:08 Caravan
37:43 Cavalier
39:09 Plate Barding Armor
38:49 Herbal Medicine
39:59 Conscription
40:55 Light Cavalry
41:33 Paladin
43:44 Chemistry
42:43 Winged Hussar
43:51 Hill Forts
44:40 Town Patrol
48:55 Fletching
49:05 Padded Archer Armor
Connection lost

Rejoining the realm…

Still unreachable

The connection could not be restored.

Session expired

The server has moved on; the page needs a fresh start.